 Dungeon Crawl Stone Soup version 0.28.0 (webtiles) character file.

Game seed: 3148313686054017842

10147 pkoi the Destroyer (level 11, -13/82 HPs)
             Began as a Red Draconian Conjurer on Feb 11, 2022.
             Was an Initiate of Gozag.
             Mangled by a death yak (24 damage)
             ... on level 10 of the Dungeon.
             The game lasted 00:25:33 (18043 turns).

pkoi the Destroyer (Red Draconian Conjurer)        Turns: 18043, Time: 00:25:34

Health: -13/82     AC: 11    Str: 10    XL:     11   Next: 32%
Magic:  34/38      EV: 12    Int: 23    God:    Gozag
Gold:   233        SH:  0    Dex:  9    Spells: 3/22 levels left

rFire   + . .      SeeInvis .   n - +2 dagger (venom)
rCold   . . .      Faith    .   (no shield)
rNeg    . . .      Spirit   .   (armour unavailable)
rPois   .          Reflect  .   q - +1 hat
rElec   .          Harm     .   e - +0 cloak
rCorr   .          Rampage  .   (no gloves)
Will    .....                   c - +1 pair of boots
Stlth   ++........              f - amulet of magic regeneration
HPRegen 0.23/turn               i - ring of magical power
MPRegen 0.66/turn               a - ring of magical power

@: gold aura
A: breathe fire, AC +7, unfitting armour, fire resistance 1, cold-blooded
a: Breathe Fire, Renounce Religion, Potion Petition, Call Merchant, Bribe Branch


You were on level 10 of the Dungeon.
You worshipped Gozag.
Gozag was aware of your devotion.
You visited 2 branches of the dungeon, and saw 11 of its levels.

You collected 1486 gold pieces.
You spent 600 gold pieces at shops.
You paid 653 gold pieces to Gozag.

Inventory:

Hand Weapons
 h - a +0 whip
 l - a +2 vorpal whip
 n - a +2 dagger of venom (weapon)
 v - the +3 lajatang of Blood-Lust {freeze, rF+ rC+ Int-4 Dex+7}
   (You bought it in a shop on level 8 of the Dungeon)

   It freezes those it strikes, dealing additional cold damage.
   It can also slow down cold-blooded creatures.
   Int:       It affects your intelligence (-4).
   Dex:       It affects your dexterity (+7).
   rF:        It protects you from fire.
   rC:        It protects you from cold.
Missiles
 u - 2 curare-tipped darts
Armour
 c - a +1 pair of boots (worn)
 e - a +0 cloak (worn)
 q - a +1 hat (worn)
Jewellery
 a - a ring of magical power (right hand)
 f - an amulet of magic regeneration (around neck)
 i - a ring of magical power (left hand)
 k - an amulet of reflection
 t - a ring of resist corrosion
Wands
 p - a wand of paralysis (15)
 r - a wand of acid (8)
Scrolls
 j - 2 scrolls of blinking
 m - a scroll of teleportation
 w - a scroll of fog
 x - 2 scrolls of identify
 y - 2 scrolls of magic mapping
Potions
 b - 2 potions of ambrosia
 d - a potion of might
 g - 4 potions of curing
 o - 2 potions of resistance
 s - a potion of lignification {unknown}


   Skills:
 - Level 3.1 Fighting
 - Level 3.2 Dodging
 - Level 3.4 Stealth
 + Level 6.3 Spellcasting
 - Level 10.3 Conjurations
 + Level 6.2 Summonings
 + Level 8.7 Translocations
 + Level 2.3 Fire Magic
 + Level 6.2 Air Magic


You had 3 spell levels left.
You knew the following spells:

 Your Spells              Type           Power      Damage    Failure   Level
a - Magic Dart            Conj           100%       1d8       1%          1
b - Searing Ray           Conj           100%       2d8       1%          2
c - Iskenderun's Mystic   Conj/Tloc      50%        2d11      1%          4
d - Passage of Golubria   Tloc           47%        N/A       2%          4
e - Summon Lightning Spi  Summ/Air       36%        N/A       6%          4
f - Flame Wave            Conj/Fire      36%        2d9       6%          4

Your spell library contained the following spells:

 Spells                   Type           Power      Damage    Failure   Level
 Foxfire                  Conj/Fire      100%       2x1d9     1%          1
 Shock                    Conj/Air       100%       1d9       1%          1
 Static Discharge         Conj/Air       45%        N/A       1%          2
 Conjure Flame            Conj/Fire      36%        6-21      1%          3
 Swiftness                Air            35%        N/A       1%          3
 Mephitic Cloud           Conj/Pois/Air  32%        N/A       2%          3
 Dazzling Flash           Conj/Hex       62%        N/A       3%          3
 Portal Projectile        Hex/Tloc       54%        N/A       4%          3
 Inner Flame              Hex/Fire       12%        N/A       16%         3
 Ignite Poison            Fire/Tmut/Pois 10%        N/A       19%         3
 Tukima's Dance           Hex            7%         N/A       24%         3
 Airstrike                Air            17%        N/A       6%          4
 Fulminant Prism          Conj/Hex       15%        3d11      10%         4
 Freezing Cloud           Conj/Ice/Air   16%        6-21      24%         5
 Yara's Violent Unravell  Hex/Tmut       3%         3d4       92%         5
 Borgnjor's Revivificati  Necr           3%         N/A       100%        8
 Discord                  Hex            3%         N/A       100%        8
 Necromutation            Tmut/Necr      3%         N/A       100%        8
 Death's Door             Necr           3%         N/A       100%        9


Dungeon Overview and Level Annotations

Branches:
Dungeon (10/15)            Temple (1/1) D:7            Lair (0/6) D:10
    Orc: D:9-12

Altars:
Ashenzari
Cheibriados
Dithmenos
Elyvilon
Fedhas
Gozag
Hepliaklqana
Kikubaaqudgha
Makhleb
Nemelex Xobeh
Okawaru
Qazlal
Ru
Uskayaw
Vehumet
Wu Jian
Xom
Yredelemnul
Zin
The Shining One

Shops:
D:2 [   D:8 =(*[   D:9 :


Innate Abilities, Weirdness & Mutations

You can breathe blasts of fire.
Your fiery red scales are hard. (AC +7)
You cannot fit into any form of body armour.
Your flesh is heat resistant. (rF+)
You are cold-blooded and may be slowed by cold attacks.


Message History

* * * LOW HITPOINT WARNING * * *
Your Fire Magic skill increases to level 2!
Unknown command.
Casting: Iskenderun's Mystic Blast (dangerous; 1% risk of failure)
Confirm with . or Enter, or press ? or * to list all spells.
Casting: Flame Wave (dangerous; 6% risk of failure)
Press: ? - help, Dir - look around, f - activate A wave of flame ripples out!
The flame wave engulfs the death yak.
The death yak is severely wounded. (Press . to intensify the flame waves.)
Your lightning spire disappears in a puff of smoke!
A goblin comes into view. It is wielding a +0 hand axe.
The death yak gores you!
* * * LOW HITPOINT WARNING * * *
A death yak comes into view.
A wave of flame ripples out!
The flame wave engulfs the death yak.
The death yak is severely wounded.
The flame wave engulfs the death yak but does no damage.
The death yak is heavily wounded.
The flame wave engulfs the death yak but does no damage.
The death yak bellows!
The death yak barely misses you.
Unknown command.
A wave of flame ripples out!
The flame wave engulfs the death yak.
The death yak is severely wounded.
The flame wave engulfs the death yak!
The death yak is heavily wounded.
The flame wave engulfs the death yak.
The death yak is lightly wounded.
The flame wave engulfs the kobold.
The kobold is heavily wounded.
The flame wave engulfs the kobold.
You kill the kobold!
You finish channelling waves of flame.
The death yak gores you!
* * * LOW HITPOINT WARNING * * *
The death yak snorts and paws the ground.
The death yak snorts and paws the ground.
The death yak gores you!!
You die...
Your body crumbles into a pile of gold.

#########
##########.....@.#
#.Y.....##.#####Y#
#.#####.##.#####.#
##.###.........##Y#
.Y.$YK.#.##.##.##Y#
##.##..#.##.......#
#.##..#.##.##.##g#
.o... ..##.##.##Y#
.###.# ..##.#...#.#


You could see 4 death yaks and a goblin.

Vanquished Creatures
  Gastronok (D:9)
  2 two-headed ogres
  A death yak (D:10)
  Joseph (D:8)
  Prince Ribbit (D:6)
  Grinder (D:4)
  A wyvern (D:9)
  3 yaks
  3 steam dragons
  Menkaure (D:4)
  An acid dragon (D:8)
  Duvessa (D:4)
  3 orc warriors
  2 black bears
  2 ice beasts
  2 sky beasts
  An ogre (D:7)
  4 necrophages
  2 centaurs
  A phantom (D:4)
  2 kobold brigands (D:9)
  2 bullfrogs
  3 scorpions
  Dowan (D:4)
  9 killer bees
  2 wights (D:9)
  4 jellies
  3 bullfrog zombies (D:5)
  4 orc priests
  2 centaur zombies (D:9)
  4 hounds
  A human zombie (D:9)
  A centaur skeleton (D:7)
  9 iguanas
  12 orc wizards
  A hound skeleton (D:5)
  3 howler monkey zombies (D:9)
  4 mummies (D:9)
  5 gnolls
  A howler monkey skeleton (D:6)
  7 adders
  2 shadow imps
  4 white imps
  An ufetubus (D:3)
  11 worms
  6 dart slugs
  24 orcs
  13 endoplasms
  7 giant cockroaches
  8 goblins
  8 hobgoblins
  5 jackals (D:2)
  23 kobolds
  5 quokkas
  10 ball pythons
  9 bats
  5 frilled lizards
  5 rats
260 creatures vanquished.

Vanquished Creatures (collateral kills)
  A cyclops (D:10)
  A kobold demonologist (D:9)
  A troll (D:10)
  2 yaks (D:9)
  A kobold brigand (D:10)
  A wyvern zombie (D:8)
  3 wights (D:9)
  A gnoll (D:10)
11 creatures vanquished.

Vanquished Creatures (others)
  An adder (D:3)
1 creature vanquished.

Grand Total: 272 creatures vanquished

Notes
Turn   | Place    | Note
-------+----------+-------------------------------------------
     0 | D:1      | pkoi the Draconian Conjurer began the quest for the Orb.
     0 | D:1      | Reached XP level 1. HP: 14/14 MP: 3/3
   296 | D:1      | Reached XP level 2. HP: 20/20 MP: 3/5
   500 | D:1      | Learned a level 2 spell: Searing Ray
   735 | D:1      | Found a faded altar of an unknown god.
  1133 | D:1      | Reached XP level 3. HP: 21/26 MP: 1/6
  2535 | D:2      | Found Geurchej's Antique Armour Shop.
  2706 | D:2      | Reached skill level 5 in Conjurations
  3208 | D:2      | Reached XP level 4. HP: 27/33 MP: 2/8
  3265 | D:2      | Learned a level 4 spell: Iskenderun's Mystic Blast
  3799 | D:3      | Got the Collected Works on Aerial Beguiling
  4070 | D:3      | Reached skill level 1 in Translocations
  4703 | D:3      | Reached XP level 5. HP: 38/38 MP: 5/9
  5053 | D:3      | Reached skill level 6 in Conjurations
  5362 | D:3      | Found a shimmering altar of Xom.
  5941 | D:4      | Noticed a +0 falchion
  5941 | D:4      | Noticed a +0 spear
  5941 | D:4      | Noticed a +0 falchion
  5941 | D:4      | Noticed a +0 spear
  5941 | D:4      | Noticed a +0 short sword
  5942 | D:4      | Noticed a +0 dagger
  5945 | D:4      | Noticed a +0 dagger
  5949 | D:4      | Noticed a +0 short sword
  5961 | D:4      | Noticed a phantom
  5968 | D:4      | Killed a phantom
  5969 | D:4      | Reached XP level 6. HP: 41/45 MP: 2/10
  6374 | D:4      | Noticed Menkaure
  6603 | D:4      | Killed Menkaure
  6873 | D:4      | Reached skill level 7 in Conjurations
  7014 | D:4      | Your scales start taking on a fiery red colour.
  7014 | D:4      | Reached XP level 7. HP: 44/50 MP: 6/11
  7014 | D:4      | Gained mutation: Your flesh is heat resistant. (rF+) [Red
                  | Draconian growth]
  7057 | D:3      | Learned a level 4 spell: Passage of Golubria
  7087 | D:4      | Found a hide-covered altar of Uskayaw.
  7147 | D:4      | Noticed Grinder
  7149 | D:4      | Paralysed by Grinder for 4 turns
  7162 | D:4      | Killed Grinder
  7163 | D:4      | Reached skill level 1 in Fighting
  7463 | D:4      | Noticed Dowan
  7483 | D:4      | Killed Dowan
  7915 | D:4      | Noticed Duvessa
  7930 | D:4      | Killed Duvessa
  8165 | D:4      | Reached XP level 8. HP: 53/62 MP: 5/12
  8359 | D:5      | Entered Level 5 of the Dungeon
  9798 | D:5      | Noticed a two-headed ogre
 10036 | D:4      | Reached skill level 5 in Translocations
 10177 | D:6      | Reached skill level 8 in Conjurations
 10328 | D:6      | Noticed Prince Ribbit
 10335 | D:6      | Killed Prince Ribbit
 10463 | D:6      | Found a glowing silver altar of Zin.
 10600 | D:6      | Learned a level 4 spell: Summon Lightning Spire
 10667 | D:6      | Found an opulent altar of Gozag.
 10685 | D:6      | Became a worshipper of Gozag Ym Sagoz the Greedy
 10787 | D:6      | Reached XP level 9. HP: 62/69 MP: 15/15
 10931 | D:6      | Reached skill level 1 in Air Magic
 11002 | D:6      | Reached skill level 1 in Summonings
 11015 | D:6      | Found a broken altar of Ashenzari.
 11300 | D:7      | Found a staircase to the Ecumenical Temple.
 12167 | Temple   | Entered the Ecumenical Temple
 12987 | D:7      | Reached skill level 5 in Spellcasting
 13004 | D:7      | Reached skill level 9 in Conjurations
 13124 | D:8      | Found a basalt altar of Yredelemnul.
 13130 | D:8      | Found a glowing golden altar of the Shining One.
 13132 | D:8      | Noticed an angel
 13175 | D:8      | You fall into a shaft and drop 2 floors!
 13175 | D:10     | Entered Level 10 of the Dungeon
 13175 | D:10     | Noticed a death yak
 13175 | D:10     | Noticed a death yak
 13175 | D:10     | Found a staircase to the Lair.
 13193 | D:10     | Noticed a death yak
 13294 | D:8      | Noticed Gastronok
 13294 | D:8      | Found Lyhuoc's Assorted Antiques.
 13305 | D:9      | Killed Gastronok
 13306 | D:9      | Reached XP level 10. HP: 29/77 MP: 18/18
 13526 | D:8      | Found Tebur's Armour Boutique.
 13528 | D:8      | Found Wywoon's Antique Weapon Boutique.
 13529 | D:8      | Found Ariam's Jewellery Boutique.
 13623 | D:8      | Noticed a two-headed ogre
 13791 | D:8      | Killed a two-headed ogre
 14006 | D:8      | Identified the +2 leather armour "Deraju" {rF+ rC+++}
 14062 | D:8      | Noticed Joseph
 14075 | D:8      | Killed Joseph
 14765 | D:9      | Reached skill level 5 in Summonings
 14765 | D:9      | Reached skill level 5 in Air Magic
 15152 | D:9      | Found an ancient bone altar of Kikubaaqudgha.
 15305 | D:9      | Reached skill level 10 in Conjurations
 16660 | D:9      | Identified the +0 chain mail "Sadixt" {Str+5}
 16708 | D:9      | Identified the +3 falchion of Ravage {freeze, *Corrode
                  | Str+3}
 16857 | D:9      | Reached XP level 11. HP: 82/82 MP: 20/20
 17351 | D:8      | Bought a crystal lajatang for 600 gold pieces
 17351 | D:8      | Identified the +3 lajatang of Blood-Lust {freeze, rF+ rC+
                  | Int-4 Dex+7} (You bought it in a shop on level 8 of the
                  | Dungeon)
 17374 | D:8      | Learned a level 4 spell: Flame Wave
 17464 | D:10     | Noticed a two-headed ogre
 17779 | D:10     | Killed a two-headed ogre
 17780 | D:10     | Reached skill level 1 in Fire Magic
 18015 | D:10     | Noticed a death yak
 18017 | D:10     | Noticed a death yak
 18027 | D:10     | Noticed a death yak
 18029 | D:10     | Killed a death yak
 18030 | D:10     | Noticed a death yak
 18043 | D:10     | Mangled by a death yak

Illustrated notes

Levels and vault maps discovered:
D:1:      matt_arrival_diagonals, layout_basic, shapermc_ecumenical_altar_petra
D:2:      layout_loops_cross, serial_shops, nicolae_shop_trees,
          ebering_dispersal_statue_hall, corexii_item_surrounded_by_moat,
          minmay_pentomino_p2
D:3:      layout_loops_cross, xom_confusion_cloud, minmay_misc_feat_nine_boxes,
          nicolae_wormholes
D:4:      layout_cave_pools, nicolae_uskayaw_en_pointe, minivault_14,
          minmay_misc_feat_rugged, st_stairs_14, uniq_duvessa, uniq_grinder,
          uniq_menkaure
D:5:      layout_basic, nicolae_fountain_basement
D:6:      layout_loops_cross, mainiacjoe_overflow_chevrons, zin_academy,
          kennysheep_little_box, chequers_serial_rivers_room_b,
          uniq_prince_ribbit1
D:7:      layout_rooms, minmay_temple_entry_overgrown, minmay_quadrilaterals
D:8:      layout_rooms, grunt_temple_overflow_holy_war, minmay_shop_grid_forest,
          kennysheep_opposing_triangles, uniq_joseph, uniq_gastronok
D:9:      layout_cave_pods, lemuel_mausoleum_altar_kikubaaqudgha
D:10:     layout_loops_cross, kennysheep_orc_sif_temple, trog_hazing_becter,
          dpeg_lair_monsters, lightli_bailey_entry_fortress,
          minmay_sticks_and_stones
Temple:   minmay_temple_bridge_abc

Skill      XL: |  1  2  3  4  5  6  7  8  9 10 11 |
---------------+----------------------------------+-----
Conjurations   | 5 6 7 8 9 10 | 10.3
Spellcasting   | 3 4 5 6 |  6.3
Translocations | 1 2 3 4 5 7 8 |  8.7
Fighting       | 2 3 |  3.1
Dodging        | 2 3 |  3.2
Stealth        | 2 3 |  3.4
Air Magic      | 3 5 6 |  6.2
Summonings     | 3 5 6 |  6.2
Fire Magic     | 2 |  2.3

Action                   |  1- 3 |  4- 6 |  7- 9 | 10-12 || total
-------------------------+-------+-------+-------+-------++-------
Melee: Unarmed           |     1 |       |       |       ||     1
       Whip              |    16 |     7 |       |       ||    23
       Punch             |     1 |     1 |     1 |     1 ||     4
       Tailslap          |       |     3 |    10 |    15 ||    28
       Dagger            |       |     2 |    34 |    74 ||   110
 Cast: Magic Dart        |   120 |   143 |   160 |   105 ||   528
       Searing Ray       |       |     6 |    40 |    22 ||    68
       Iskenderun's Myst |       |       |       |     5 ||     5
       Summon Lightning  |       |       |       |     9 ||     9
       Flame Wave        |       |       |       |     1 ||     1
Invok: Call Merchant     |       |       |       |     1 ||     1
 Abil: Breathe Fire      |       |       |    12 |    18 ||    30
  Use: Scroll            |       |     2 |    12 |     6 ||    20
       Potion            |       |     2 |     3 |       ||     5
 Stab: Sleeping          |       |       |       |     3 ||     3
Armor: Skin              |    16 |     5 |    48 |    41 ||   110
Dodge: Dodged            |    20 |    24 |    97 |    87 ||   228
